 Dungeon Sprint DCSS version 0.30.1-11-g7821555f0a (webtiles) character file.

Game seed: 12444912297899001013

84 Groucho the Thaumaturge (level 4, -1/24 HPs)
             Began as a Deep Elf Earth Elementalist on Jan 2, 2024.
             Was a Believer of Sif Muna.
             Slain by a flying skull (5 damage)
             ... in the Dungeon (Sprint VII: "The Pits").
             The game lasted 00:01:10 (615 turns).

Groucho the Thaumaturge (DEEE)                       Turns: 615, Time: 00:01:10

Health: -1/24      AC:  2    Str:  5    XL:     4   Next: 24%
Magic:  13/16      EV: 12    Int: 22    God:    Sif Muna [**....]
Gold:   0          SH:  0    Dex: 15    Spells: 18/19 levels left

rFire   . . .        i - +2 falchion
rCold   . . .        (no shield)
rNeg    . . .        a - +0 robe
rPois   .            (no helmet)
rElec   .            (no cloak)
rCorr   .            (no gloves)
SInv    .            (no boots)
Will    .....        (no amulet)
Stlth   ++           (no ring)
HPRegen 0.24/turn    (no ring)
MPRegen 0.15/turn

%: no teleportation
@: no status effects
A: no striking features
a: Renounce Religion, Channel Magic


You were in the Dungeon.
You worshipped Sif Muna.
Sif Muna was pleased with you.
You visited 1 branch

Inventory:

Hand Weapons
 h - a +2 dagger
 i - a +2 falchion (weapon)
Armour
 a - a +0 robe (worn)
Scrolls
 g - a scroll of blinking
 k - 5 scrolls of amnesia
 l - a scroll of summoning
Potions
 b - 5 potions of magic
 c - a potion of curing
 e - a potion of haste
 f - 3 potions of berserk rage
 j - 2 potions of invisibility


   Skills:
 - Level 2.4 Dodging
 - Level 2.4 Stealth
 - Level 8.1 Spellcasting
 + Level 1.1 Conjurations
 - Level 1.1 Transmutations
 + Level 7.3 Earth Magic


You had 18 spell levels left.
You knew the following spells:

 Your Spells              Type           Power      Damage    Failure   Level
a - Sandblast             Erth           82%        2d17      1%          1

Your spell library contained the following spells:

 Spells                   Type           Power      Damage    Failure   Level
 Passwall                 Tmut/Erth      22%        N/A       1%          2
 Stone Arrow              Conj/Erth      54%        3d10      3%          3
 Petrify                  Tmut/Erth      27%        N/A       13%         4


Dungeon Overview and Level Annotations

Branches:
Dungeon (1/1)

Altars:
Ashenzari
Cheibriados
Dithmenos
Elyvilon
Fedhas
Gozag
Hepliaklqana
Kikubaaqudgha
Makhleb
Nemelex Xobeh
Okawaru
Qazlal
Ru
Sif Muna
Trog
Uskayaw
Vehumet
Wu Jian
Xom
Yredelemnul
Zin
The Shining One
Jiyva
Lugonu


Message History

There is an open door here.
The ufetubus hits you. The ufetubus completely misses you.
The ufetubus barely misses you. The ufetubus hits you.
There is an open door, spattered with blood here.
Casting: Sandblast (safe; 1% risk of failure)
Confirm with . or Enter, or press ? or * to list all spells.
You don't know that spell.
Casting: Sandblast (safe; 1% risk of failure)
Confirm with . or Enter, or press ? or * to list all spells.
Aiming: Sandblast (safe; 1% risk of failure)
Press: ? - help, Shift-Dir - straight line, f - ufetubus
Aim: an ufetubus (75% to hit)
The blast of sand hits the ufetubus!
You kill the ufetubus!
Sif Muna accepts your kill. The flying skull hits you!
Your Conjurations skill increases to level 1!
You feel much better. The flying skull barely misses you.
The flying skull misses you.
Casting: Sandblast (safe; 1% risk of failure)
Confirm with . or Enter, or press ? or * to list all spells.
Aiming: Sandblast (safe; 1% risk of failure)
Press: ? - help, Shift-Dir - straight line, f - flying skull
Aim: a flying skull (71% to hit)
The blast of sand hits the flying skull!
The flying skull is severely damaged.
The flying skull closely misses you. The flying skull hits you!
Unknown command.
Casting: Sandblast (safe; 1% risk of failure)
Confirm with . or Enter, or press ? or * to list all spells.
Aiming: Sandblast (safe; 1% risk of failure)
Press: ? - help, Shift-Dir - straight line, f/p - flying skull
Aim: a flying skull (severely damaged, 71% to hit)
The blast of sand misses the flying skull.
The blast of sand hits the quokka.
The quokka is almost dead.
The flying skull hits you!
* * * LOW HITPOINT WARNING * * *
The flying skull hits you.
You die...

########### _________.#
_________.#
_______...###########++
##########'##...........
#.?(.')).'.##......#..#
##########.##..........
#...........'...........
+#####@#####......#..#.
#...#z# #...........
#...#r# ####'#####+
#...')# #.......#
##z#### #.......#
#...5.# #.......#
#...rz# #...<...#
#....... #.......#
#........##.......#


You could see a flying skull and a quokka.

Vanquished Creatures
  A scorpion (D)
  A river rat (D)
  2 ufetubi (D)
  An orc (D)
  A quokka skeleton (D)
  A rat (D)
7 creatures vanquished.

Notes
Turn   | Place    | Note
-------+----------+-------------------------------------------
     0 | D        | Groucho the Deep Elf Earth Elementalist began the quest for
                  | the Orb.
     0 | D        | Reached XP level 1. HP: 10/10 MP: 6/6
    13 | D        | Reached skill level 4 in Spellcasting
    13 | D        | Reached XP level 2. HP: 15/15 MP: 4/9
    38 | D        | Found a glowing golden altar of the Shining One.
    38 | D        | Found a glowing silver altar of Zin.
    38 | D        | Found a basalt altar of Yredelemnul.
    38 | D        | Found a shimmering altar of Xom.
    38 | D        | Found an ornate altar of the Wu Jian Council.
    38 | D        | Found a bloodstained altar of Trog.
    38 | D        | Found a shimmering blue altar of Sif Muna.
    38 | D        | Found a sacrificial altar of Ru.
    38 | D        | Found a stormy altar of Qazlal.
    38 | D        | Found an iron altar of Okawaru.
    38 | D        | Found a sparkling altar of Nemelex Xobeh.
    38 | D        | Found a burning altar of Makhleb.
    38 | D        | Found a viscous altar of Jiyva.
    38 | D        | Found a hazy altar of Hepliaklqana.
    38 | D        | Found an opulent altar of Gozag.
    38 | D        | Found a blossoming altar of Fedhas.
    38 | D        | Found a white marble altar of Elyvilon.
    38 | D        | Found a shadowy altar of Dithmenos.
    38 | D        | Found a snail-covered altar of Cheibriados.
    39 | D        | Found a radiant altar of Vehumet.
    39 | D        | Found a corrupted altar of Lugonu.
    40 | D        | Found an ancient bone altar of Kikubaaqudgha.
    40 | D        | Found a hide-covered altar of Uskayaw.
    40 | D        | Found a broken altar of Ashenzari.
    41 | D        | Became a worshipper of Sif Muna the Loreminder
    51 | D        | Reached skill level 5 in Spellcasting
   247 | D        | Noticed a scorpion
   253 | D        | Killed a scorpion
   253 | D        | Reached * piety under Sif Muna
   254 | D        | Reached skill level 7 in Spellcasting
   254 | D        | Reached XP level 3. HP: 19/19 MP: 8/14
   254 | D        | Reached XP level 4. HP: 24/24 MP: 8/15
   400 | D        | Reached skill level 8 in Spellcasting
   606 | D        | Noticed a flying skull
   612 | D        | Reached ** piety under Sif Muna
   613 | D        | Reached skill level 1 in Conjurations
   615 | D        | Slain by a flying skull

Illustrated notes

Levels and vault maps discovered:
D:        pitsprint [storerooms_1, entrance_room_1, metal_vault_1, armoury_1,
          mini_pit_1, grid_room_1, main_hall_1, silver_pit, the_coven_3,
          the_vestibule_1, steel_vault_3, golden_pit, hallway_of_sentries,
          crystal_vault_3, iron_vault_1, final_vault]

Skill      XL: |  1  2  3  4 |
---------------+-------------+-----
Spellcasting   | 4 7 8 |  8.1
Earth Magic    | 4 7 |  7.3
Conjurations   | 1 |  1.1
Dodging        | |  2.4
Stealth        | |  2.4
Transmutations | |  1.1

Action                     |  1- 3 |  4- 6 || total
---------------------------+-------+-------++-------
   Cast: Sandblast         |     7 |     5 ||    12
    Use: Potion            |       |     1 ||     1
 Armour: Robe              |     1 |     1 ||     2
  Dodge: Dodged            |     5 |     6 ||    11
